 Dungeon Crawl Stone Soup version 0.27-a0-1147-gb3d8e82157 (webtiles) character file.

Game seed: 4513112168239777762

1 neco the Firebug (level 1, 0/11 HPs)
             Began as an Octopode Fire Elementalist on May 11, 2021.
             Slain by a worm (5 damage)
             ... on level 2 of the Dungeon.
             The game lasted 00:01:33 (41 turns).

neco the Firebug (Octopode Fire Elementalist)         Turns: 41, Time: 00:01:33

Health: 0/11       AC:  1    Str:  7    XL:     1   Next: 20%
Magic:  2/3        EV: 13    Int: 17    God:
Gold:   0          SH:  0    Dex: 12    Spells: 3/4 levels left

rFire    . . .     SeeInvis .   (no weapon)
rCold    . . .     Faith    .   (no shield)
rNeg     . . .     Spirit   .   (helmet restricted)
rPois    .         Reflect  .   (no amulet)
rElec    .         Harm     .   (no ring)
rCorr    .         Rampage  .   (no ring)
Will     .....                  (no ring)
Stlth    +++.......             (no ring)
HPRegen  0.03/turn              (no ring)
MPRegen  0.08/turn              (no ring)
                                (no ring)
                                (no ring)

@: no status effects
A: almost no armour, amphibious, 8 rings, camouflage 1, gelatinous body 1,
(nimble swimmer 1), tentacles
a: no special abilities


You were on level 2 of the Dungeon.
You visited 1 branch of the dungeon, and saw 2 of its levels.

You aren't carrying anything.


   Skills:
 + Level 0.2 Fighting
 + Level 2.0 Dodging
 + Level 2.6 Stealth
 + Level 2.0 Spellcasting
 + Level 1.0 Conjurations
 + Level 3.0 Fire Magic


You had 3 spell levels left.
You knew the following spells:

 Your Spells              Type           Power      Damage    Failure   Level
a - Foxfire               Conj/Fire      32%        2x1d5     9%          1

Your spell library contained the following spells:

 Spells                   Type           Power      Damage    Failure   Level
 Conjure Flame            Conj/Fire      8%         6-21      26%         3
 Inner Flame              Hex/Fire       6%         N/A       30%         3
 Sticky Flame             Conj/Fire      8%         2d3       63%         4
 Fireball                 Conj/Fire      4%         3d4       93%         5


Dungeon Overview and Level Annotations

Branches:
Dungeon (2/15)

Altars:


Innate Abilities, Weirdness & Mutations

You cannot wear most types of armour.
You are amphibious.
You can wear up to eight rings at the same time.
Your skin changes colour to match your surroundings (Stealth+).
Your rubbery body absorbs attacks. (AC +1, EV +1)
((You are camouflaged near water. (Stealth+)))
You have tentacles for arms and can constrict up to eight enemies at once.


Message History

There is an escape hatch in the floor here.
You slide downwards.
The hatch slams shut behind you.
An adder comes into view.
A bat comes into view.
A goblin comes into view. It is wielding a +0 dagger.
The helpless bat fails to defend itself.
You tentacle-slap the bat. You grab the bat.
The bat is moderately wounded.
You constrict the bat. The bat hits you.
The bat struggles to escape constriction.
You barely miss the bat.
The bat is severely wounded.
You constrict the bat.
You kill the bat!
A worm comes into view.
You see here a bat corpse.
Casting: Foxfire (safe; 9% risk of failure)
Confirm with . or Enter, or press ? or * to list all spells.
You conjure some foxfire!
The foxfire hits the worm.
The worm is lightly wounded.
The goblin closely misses you.
You tentacle-slap the worm but do no damage.
You grab the worm.
The worm is lightly wounded.
You constrict the worm. The goblin hits you but does no damage.
You tentacle-slap the worm.
The worm is moderately wounded.
You constrict the worm. The goblin hits you with a +0 dagger.
You tentacle-slap the worm but do no damage.
The worm is moderately wounded.
You constrict the worm. The worm bites you. The goblin misses you.
You are too injured to fight recklessly!
You closely miss the goblin. Your grab misses the goblin.
You constrict the worm. The goblin misses you.
You barely miss the goblin. Your grab misses the goblin.
You squeeze the goblin.
You kill the goblin!
You constrict the worm. The worm misses you.
You release your grip on the worm.
The worm bites you.
You die...

#
#..#.######
#...@.#.#
####w#§.#
..#.####§#
#...S.#§#
#..# ####


You could see a worm.

Vanquished Creatures
  A bat (D:2)
  A goblin (D:2)
2 creatures vanquished.

Notes
Turn   | Place    | Note
-------+----------+-------------------------------------------
     0 | D:1      | neco the Octopode Fire Elementalist began the quest for the
                  | Orb.
     0 | D:1      | Reached XP level 1. HP: 11/11 MP: 3/3
    41 | D:2      | Slain by a worm

Illustrated notes

Levels and vault maps discovered:
D:1:      heliophobic_arrival_henge, layout_rooms, ebering_ecumenical_altar_mist
D:2:      minmay_angry_zag, layout_basic, serial_shops, shop

Action                   || total
-------------------------++-------
Melee: Unarmed           ||     7
       Constrict         ||     2
       Tentacles         ||     1
 Cast: Foxfire           ||     1
 Stab: Sleeping          ||     1
Armor: Skin              ||     1
Dodge: Dodged            ||     4

Table legend: (Time is in decaauts)
 A = Elapsed time spent in this place.
 B = Non-inter-level travel time spent in this place.
 C = Inter-level travel time spent in this place.
 D = Time resting spent in this place.
 E = Time spent auto-exploring this place.
 F = Levels seen in this place.
 G = Mean time per level.
                   A        B        C        D        E       F      G
               +--------+--------+--------+--------+--------+-----+--------+
         Total |     40 |     40 |      0 |      0 |      0 |   2 |   20.0 |
       Dungeon |     40 |     40 |      0 |      0 |      0 |   2 |   20.0 |
               +--------+--------+--------+--------+--------+-----+--------+

Top non-repeatable levels by time:
     D:1: 26 daAuts
     D:2: 14 daAuts
